[ PARTIDA AOE2 · #494117425 ]
UnrankedGurjaras vs Teutons
Equipo del jugador · VICT
Equipo rival · DERR
[ ANÁLISIS DE REPETICIÓN · EXTRAÍDO DE LA PARTIDA GRABADA ]
Feudal
11:25
Castillos
15:07
Imperial
28:54
| APM promedio | 79.0 |
| APM pico | 134 |
| eAPM promedio | 51.2 |
| Aldeanos / militares | 192 / 164 |
Foco
⚔️ 47.7% · 🌾 52.3%
Elephant Archer ×86 · Camel Scout ×66 · Trebuchet (Packed) ×6 · Monk ×3 · Mangonel ×2 · Armored Elephant ×1
Feudal
9:06
Castillos
20:35
Imperial
31:47
| APM promedio | 39.6 |
| APM pico | 68 |
| eAPM promedio | 23.7 |
| Aldeanos / militares | 165 / 71 |
Foco
⚔️ 22.8% · 🌾 77.2%
Knight ×51 · Spearman ×9 · Monk ×3 · Militia ×3 · Scout Cavalry ×3 · Mangonel ×1
Mapa de la partida
Recursos iniciales + cada clic de construcción. Líneas = muros · curvas = relieve. ◆ oro · ⬟ piedra · ● bayas · ✦ reliquia · ◌ hueco del cierre
Tu base· ✓ Cerrada en 15:07 · 22t muro · 2 puerta(s)
Base de zupaman· ✓ Cerrada en 20:35 · 0t muro · 2 puerta(s)
Terreno inicial suavizado · ◌ = hueco del cierre detectado · pasá el cursor para detalles
Inputs por minuto
— quadsflopper - - zupaman
Build order — quadsflopper
Primeras 150 de 578 acciones detectadas
| 0:01 | Crear | Villager (Male) |
| 0:01 | Crear | Villager (Male) |
| 0:01 | Crear | Villager (Male) |
| 0:02 | Crear | Villager (Male) |
| 0:03 | Construir | House |
| 0:04 | Construir | House |
| 1:18 | Construir | Mill |
| 2:10 | Crear | Villager (Male) |
| 2:11 | Crear | Villager (Male) |
| 2:11 | Crear | Villager (Male) |
| 2:11 | Crear | Villager (Male) |
| 2:12 | Crear | Villager (Male) |
| 2:12 | Crear | Villager (Male) |
| 2:13 | Crear | Villager (Male) |
| 2:14 | Crear | Villager (Male) |
| 2:14 | Crear | Villager (Male) |
| 2:14 | Crear | Villager (Male) |
| 2:14 | Crear | Villager (Male) |
| 2:15 | Crear | Villager (Male) |
| 2:15 | Crear | Villager (Male) |
| 2:15 | Crear | Villager (Male) |
| 2:16 | Crear | Villager (Male) |
| 2:16 | Crear | Villager (Male) |
| 2:16 | Crear | Villager (Male) |
| 2:16 | Crear | Villager (Male) |
| 2:17 | Crear | Villager (Male) |
| 2:17 | Crear | Villager (Male) |
| 2:20 | Crear | Villager (Male) |
| 2:20 | Crear | Villager (Male) |
| 2:20 | Crear | Villager (Male) |
| 2:21 | Crear | Villager (Male) |
| 2:21 | Crear | Villager (Male) |
| 2:22 | Crear | Villager (Male) |
| 2:22 | Crear | Villager (Male) |
| 2:26 | Crear | Villager (Male) |
| 2:26 | Crear | Villager (Male) |
| 2:41 | Crear | Villager (Male) |
| 3:16 | Crear | Villager (Male) |
| 3:16 | Crear | Villager (Male) |
| 3:36 | Crear | Villager (Male) |
| 3:36 | Crear | Villager (Male) |
| 4:14 | Crear | Villager (Male) |
| 4:15 | Crear | Villager (Male) |
| 4:30 | Construir | House |
| 4:33 | Crear | Villager (Male) |
| 4:33 | Crear | Villager (Male) |
| 4:41 | Construir | Lumber Camp |
| 4:55 | Crear | Villager (Male) |
| 4:57 | Crear | Villager (Male) |
| 5:32 | Crear | Villager (Male) |
| 5:32 | Crear | Villager (Male) |
| 5:38 | Crear | Villager (Male) |
| 6:09 | Crear | Villager (Male) |
| 6:32 | Crear | Villager (Male) |
| 6:34 | Construir | House |
| 7:07 | Construir | Farm |
| 7:34 | Crear | Villager (Male) |
| 7:56 | Crear | Villager (Male) |
| 8:04 | Construir | Lumber Camp |
| 8:28 | Crear | Villager (Male) |
| 8:41 | Construir | Farm |
| 8:47 | Investigar | Loom |
| 9:05 | Investigar | Feudal Age |
| 9:05 | Investigar | Feudal Age |
| 9:22 | Construir | Palisade Wall |
| 9:28 | Construir | Mining Camp |
| 9:40 | Construir | Palisade Wall |
| 9:49 | Construir | Palisade Wall |
| 9:50 | Construir | Palisade Wall |
| 9:51 | Construir | Palisade Wall |
| 10:20 | Construir | House |
| 10:33 | Crear | Villager (Male) |
| 10:33 | Crear | Villager (Male) |
| 11:25 | Edad | Edad Feudal |
| 11:26 | Construir | Palisade Wall |
| 11:26 | Construir | Palisade Wall |
| 11:31 | Construir | Blacksmith |
| 11:39 | Construir | Market |
| 11:46 | Construir | House |
| 12:00 | Construir | Palisade Wall |
| 12:00 | Construir | Palisade Wall |
| 12:01 | Construir | Palisade Wall |
| 12:09 | Construir | House |
| 12:27 | Investigar | Castle Age |
| 12:27 | Investigar | Castle Age |
| 12:35 | Crear | Villager (Male) |
| 12:49 | Construir | House |
| 12:52 | Construir | House |
| 12:58 | Investigar | Double-Bit Axe |
| 12:58 | Investigar | Double-Bit Axe |
| 13:02 | Investigar | Horse Collar |
| 13:28 | Crear | Villager (Male) |
| 13:30 | Construir | Farm |
| 13:31 | Construir | Farm |
| 13:37 | Construir | Farm |
| 13:39 | Construir | Farm |
| 15:01 | Crear | Villager (Male) |
| 15:07 | Edad | Edad de los Castillos |
| 15:11 | Construir | Siege Workshop |
| 15:26 | Construir | Town Center |
| 15:32 | Investigar | Bow Saw |
| 15:34 | Crear | Villager (Male) |
| 15:51 | Crear | Mangonel |
| 15:51 | Crear | Mangonel |
| 16:07 | Construir | Farm |
| 16:09 | Construir | Farm |
| 16:11 | Crear | Villager (Male) |
| 16:17 | Construir | Farm |
| 16:32 | Construir | Farm |
| 16:32 | Construir | Farm |
| 16:43 | Crear | Armored Elephant |
| 16:57 | Crear | Villager (Male) |
| 17:01 | Construir | Farm |
| 17:06 | Construir | Farm |
| 17:10 | Crear | Villager (Male) |
| 17:39 | Crear | Villager (Male) |
| 17:43 | Construir | Farm |
| 17:43 | Construir | Farm |
| 17:44 | Construir | Farm |
| 18:01 | Crear | Villager (Male) |
| 18:02 | Crear | Villager (Male) |
| 18:02 | Crear | Villager (Male) |
| 18:15 | Construir | Farm |
| 18:18 | Crear | Villager (Male) |
| 18:19 | Crear | Villager (Male) |
| 18:19 | Crear | Villager (Male) |
| 18:28 | Crear | Villager (Male) |
| 18:29 | Construir | Farm |
| 18:29 | Construir | Farm |
| 18:35 | Construir | Farm |
| 18:37 | Construir | Farm |
| 18:38 | Construir | Farm |
| 19:05 | Crear | Villager (Male) |
| 19:06 | Crear | Villager (Male) |
| 19:06 | Crear | Villager (Male) |
| 19:06 | Crear | Villager (Male) |
| 19:10 | Construir | Farm |
| 19:11 | Construir | Farm |
| 19:12 | Construir | Farm |
| 19:28 | Construir | Monastery |
| 19:28 | Crear | Villager (Male) |
| 19:42 | Construir | Farm |
| 19:43 | Crear | Villager (Male) |
| 19:45 | Crear | Villager (Male) |
| 20:06 | Construir | Mining Camp |
| 20:13 | Construir | Stone Wall |
| 20:15 | Crear | Villager (Male) |
| 20:15 | Crear | Villager (Male) |
| 20:16 | Crear | Villager (Male) |
| 20:16 | Crear | Villager (Male) |
Build order — zupaman
Primeras 150 de 403 acciones detectadas
| 0:00 | Crear | Villager (Male) |
| 0:01 | Crear | Villager (Male) |
| 0:01 | Crear | Villager (Male) |
| 0:01 | Crear | Villager (Male) |
| 0:02 | Construir | House |
| 0:03 | Construir | House |
| 1:24 | Crear | Villager (Male) |
| 1:47 | Construir | Lumber Camp |
| 1:55 | Crear | Villager (Male) |
| 2:24 | Crear | Villager (Male) |
| 2:52 | Crear | Villager (Male) |
| 2:52 | Crear | Villager (Male) |
| 3:25 | Construir | House |
| 3:31 | Crear | Villager (Male) |
| 3:53 | Crear | Villager (Male) |
| 3:59 | Crear | Villager (Male) |
| 4:55 | Crear | Villager (Male) |
| 4:57 | Crear | Villager (Male) |
| 4:58 | Crear | Villager (Male) |
| 5:02 | Construir | Barracks |
| 5:07 | Crear | Villager (Male) |
| 5:20 | Crear | Villager (Male) |
| 5:36 | Construir | House |
| 5:40 | Crear | Villager (Male) |
| 6:12 | Investigar | Loom |
| 6:38 | Crear | Militia |
| 6:38 | Crear | Militia |
| 6:56 | Investigar | Feudal Age |
| 7:46 | Crear | Militia |
| 8:10 | Construir | House |
| 8:50 | Crear | Villager (Male) |
| 9:04 | Crear | Villager (Male) |
| 9:06 | Edad | Edad Feudal |
| 9:12 | Construir | Watch Tower |
| 9:16 | Crear | Villager (Male) |
| 9:23 | Construir | Mining Camp |
| 9:27 | Construir | Mill |
| 9:27 | Crear | Villager (Male) |
| 9:39 | Investigar | Double-Bit Axe |
| 9:44 | Investigar | Man-at-Arms (upgrade) |
| 9:49 | Crear | Villager (Male) |
| 10:20 | Construir | Farm |
| 10:25 | Crear | Villager (Male) |
| 10:34 | Construir | Farm |
| 10:44 | Construir | Farm |
| 10:46 | Crear | Villager (Male) |
| 10:49 | Construir | Farm |
| 10:51 | Construir | Farm |
| 11:14 | Construir | House |
| 11:15 | Crear | Villager (Male) |
| 11:22 | Construir | Farm |
| 11:37 | Crear | Villager (Male) |
| 11:44 | Construir | Farm |
| 11:54 | Crear | Villager (Male) |
| 12:12 | Construir | Watch Tower |
| 12:12 | Crear | Villager (Male) |
| 12:23 | Crear | Villager (Male) |
| 12:28 | Construir | Farm |
| 12:29 | Construir | Farm |
| 12:50 | Crear | Villager (Male) |
| 13:22 | Construir | Mining Camp |
| 13:22 | Crear | Villager (Male) |
| 13:34 | Crear | Villager (Male) |
| 13:41 | Construir | Mining Camp |
| 13:42 | Crear | Villager (Male) |
| 13:45 | Construir | Farm |
| 13:57 | Crear | Villager (Male) |
| 14:24 | Crear | Villager (Male) |
| 14:30 | Construir | Watch Tower |
| 14:45 | Crear | Villager (Male) |
| 14:48 | Crear | Villager (Male) |
| 14:55 | Construir | Farm |
| 15:00 | Construir | House |
| 15:14 | Investigar | Wheelbarrow |
| 15:20 | Construir | Farm |
| 15:54 | Construir | Market |
| 16:45 | Construir | Blacksmith |
| 17:35 | Investigar | Castle Age |
| 17:37 | Investigar | Horse Collar |
| 18:21 | Construir | Mining Camp |
| 18:22 | Crear | Villager (Male) |
| 18:27 | Construir | House |
| 19:06 | Crear | Spearman |
| 20:11 | Crear | Villager (Male) |
| 20:35 | Edad | Edad de los Castillos |
| 20:37 | Crear | Villager (Male) |
| 20:41 | Construir | Town Center |
| 20:43 | Crear | Villager (Male) |
| 20:45 | Construir | Monastery |
| 21:17 | Construir | Town Center |
| 21:20 | Crear | Villager (Male) |
| 21:28 | Crear | Spearman |
| 21:31 | Crear | Villager (Male) |
| 21:51 | Crear | Villager (Male) |
| 21:55 | Construir | Town Center |
| 21:55 | Crear | Villager (Male) |
| 22:03 | Crear | Monk |
| 22:08 | Crear | Villager (Male) |
| 22:18 | Crear | Villager (Male) |
| 22:25 | Crear | Villager (Male) |
| 22:28 | Crear | Villager (Male) |
| 22:34 | Crear | Villager (Male) |
| 22:45 | Investigar | Gold Mining |
| 22:45 | Crear | Villager (Male) |
| 22:49 | Crear | Villager (Male) |
| 22:51 | Crear | Villager (Male) |
| 22:55 | Investigar | Bow Saw |
| 22:56 | Crear | Villager (Male) |
| 22:58 | Crear | Villager (Male) |
| 23:11 | Crear | Villager (Male) |
| 23:17 | Crear | Villager (Male) |
| 23:18 | Crear | Villager (Male) |
| 23:20 | Construir | Farm |
| 23:21 | Crear | Villager (Male) |
| 23:24 | Construir | Farm |
| 23:25 | Construir | Farm |
| 23:26 | Crear | Villager (Male) |
| 23:29 | Crear | Villager (Male) |
| 23:30 | Construir | Farm |
| 23:31 | Construir | Farm |
| 23:38 | Construir | Farm |
| 23:43 | Crear | Villager (Male) |
| 23:45 | Construir | Farm |
| 23:47 | Construir | Farm |
| 23:49 | Construir | Farm |
| 23:52 | Crear | Villager (Male) |
| 24:03 | Crear | Villager (Male) |
| 24:05 | Crear | Monk |
| 24:12 | Crear | Villager (Male) |
| 24:20 | Construir | Siege Workshop |
| 24:21 | Crear | Villager (Male) |
| 24:25 | Construir | House |
| 24:25 | Construir | House |
| 24:37 | Crear | Villager (Male) |
| 24:39 | Crear | Monk |
| 24:42 | Crear | Villager (Male) |
| 24:46 | Construir | Farm |
| 24:50 | Crear | Villager (Male) |
| 24:51 | Crear | Villager (Male) |
| 24:51 | Crear | Villager (Male) |
| 24:59 | Construir | Stable |
| 25:13 | Crear | Villager (Male) |
| 25:18 | Crear | Mangonel |
| 25:19 | Crear | Villager (Male) |
| 25:20 | Crear | Villager (Male) |
| 25:22 | Construir | Farm |
| 25:23 | Crear | Villager (Male) |
| 25:43 | Investigar | Town Watch |
| 25:48 | Construir | Castle |
| 25:49 | Crear | Villager (Male) |
Cronología de la partida
| 5:02 | zupaman · first_building Barracks |
| 9:06 | zupaman · age_up feudal |
| 9:22 | quadsflopper · wall_segment Palisade Wall x9 |
| 9:40 | quadsflopper · wall_segment Palisade Wall x6 |
| 9:49 | quadsflopper · wall_segment Palisade Wall x1 |
| 9:50 | quadsflopper · wall_segment Palisade Wall x1 |
| 9:51 | quadsflopper · wall_segment Palisade Wall x1 |
| 11:25 | quadsflopper · age_up feudal |
| 11:26 | quadsflopper · wall_segment Palisade Wall x1 |
| 11:26 | quadsflopper · wall_segment Palisade Wall x1 |
| 12:00 | quadsflopper · wall_segment Palisade Wall x1 |
| 12:00 | quadsflopper · wall_segment Palisade Wall x1 |
| 12:01 | quadsflopper · wall_segment Palisade Wall x1 |
| 15:07 | quadsflopper · age_up castle |
| 15:11 | quadsflopper · first_building Siege Workshop |
| 16:04 | quadsflopper · first_market_buy 100 wood |
| 19:28 | quadsflopper · first_building Monastery |
| 20:13 | quadsflopper · wall_segment Stone Wall x1 |
| 20:35 | zupaman · age_up castle |
| 20:45 | zupaman · first_building Monastery |
| 20:52 | zupaman · first_market_buy 100 wood |
| 21:44 | zupaman · first_market_sell 100 food |
| 23:53 | quadsflopper · first_building Castle |
| 24:20 | zupaman · first_building Siege Workshop |
| 24:59 | zupaman · first_building Stable |
| 25:30 | quadsflopper · first_market_sell 100 food |
| 25:48 | zupaman · first_building Castle |
| 27:06 | quadsflopper · first_building Barracks |
| 27:59 | quadsflopper · first_building Archery Range |
| 28:54 | quadsflopper · age_up imperial |
| 31:47 | zupaman · age_up imperial |
| 32:59 | quadsflopper · first_building Stable |
| 39:16 | zupaman · resign |
[ ANÁLISIS IA · 1 CRÉDITO ]
¿Qué pasó realmente en esta partida?
Wolo.gg analiza cada decisión: build order, eco, micro, errores típicos por bracket. Análisis personalizado por WhatsApp o Discord en 30 segundos.
Guía civ
Gurjaras
Perfil
quadsflopper